[Event "Titled Tuesday Blitz March 07 Early 2023"]
[White "Sovetov, Oleksandr"]
[Black "Alahakoon, Isuru"]
[WhiteFideId "34105786"]
[BlackFideId "9900993"]
[WhiteElo "2525"]
[BlackElo "1995"]
[Result "1-0"]
[Round "04"]
[TimeControl "180+2"]
[Date "2023.03.07"]
[WhiteClock "0:00:29"]
[BlackClock "0:00:01"]

1. Nf3 d5 2. e3 Nc6 3. d4 Bg4 4. h3 Bxf3 5. Qxf3 e5 6. Bb5 e4 7. Bxc6+ bxc6 8. Qd1 Nf6 9. c4 c5 10. Qa4+ Qd7 11. Qxd7+ Kxd7 12. dxc5 Bxc5 13. cxd5 Nxd5 14. O-O Ke6 15. Nd2 f5 16. b3 Rhd8 17. Nc4 Bb4 18. Bb2 Bc3 19. Rac1 Bxb2 20. Nxb2 Rd7 21. Rc6+ Rd6 22. Rfc1 Rd8 23. Kf1 Rxc6 24. Rxc6+ Rd6 25. Rc4 Nb6 26. Rxc7 Rd2 27. Nc4 Nxc4 28. bxc4 Rxa2 29. g4 fxg4 30. hxg4 Kf6 31. Kg2 h6 32. Kg3 g5 33. Rc6+ Kg7 34. Re6 a5 35. Rxe4 a4 36. c5 Rc2 37. Rxa4 Rxc5 38. Kf3 Rc2 39. Ra6 Rb2 40. Kg3 Re2 41. Re6 Kh7 42. Kf3 Ra2 43. Rf6 Kg7 44. Rf5 Kg6 45. Rd5 Rb2 46. Rd6+ Kg7 47. Rd1 Kg6 48. Rd6+ Kg7 49. Kg2 Rc2 50. Kg3 Re2 51. Rd3 Kg6 52. f4 gxf4+ 53. exf4 Re1 54. Rd6+ Kg7 55. Kf3 Rf1+ 56. Ke4 Ra1 57. Ke5 Ra5+ 58. Rd5 Ra1 59. Rd7+ Kg6 60. Rd6+ Kg7 61. Ke6 Rg1 62. Kf5 Rb1 63. Rd7+ Kg8 64. Re7 Rb6 65. Re6 Rb5+ 66. Kg6 Kf8 67. Kxh6 Rb4 68. Kg5 Rb5+ 69. f5 Rb1 70. Kf6 Rb7 71. g5 Rf7+ 72. Ke5 Kg7 73. Rg6+ Kh7 74. Ra6 Re7+ 75. Kf6 1-0


[Site "https://www.chess.com"]

[Event "Titled Tuesday Blitz March 07 Early 2023"]
[White "Reprintsev, Alexander"]
[Black "Gallegos Diaz, Carlos Alberto"]
[WhiteFideId "14100541"]
[BlackFideId "3900886"]
[WhiteElo "2229"]
[BlackElo "2362"]
[Result "1-0"]
[Round "04"]
[TimeControl "180+2"]
[Date "2023.03.07"]
[WhiteClock "0:00:02"]
[BlackClock "0:00:01"]

1. e4 d6 2. d4 Nf6 3. Nc3 c6 4. Be2 Qa5 5. Qd2 e5 6. a3 Be7 7. b4 Qc7 8. Bb2 O-O 9. Nf3 Nbd7 10. O-O Re8 11. Rfd1 a5 12. b5 Bf8 13. a4 exd4 14. Qxd4 Nc5 15. Bd3 Bg4 16. Re1 Bxf3 17. gxf3 Ne6 18. Qe3 Nh5 19. Ne2 d5 20. e5 Bc5 21. Qd2 Qb6 22. Rf1 g6 23. f4 Nd4 24. Bxd4 Bxd4 25. c3 Bc5 26. Ng3 Ng7 27. Rfe1 Qd8 28. Kg2 Qh4 29. h3 Rad8 30. bxc6 bxc6 31. Rab1 d4 32. c4 Bb4 33. Rxb4 axb4 34. c5 Rd5 35. Rc1 Nh5 36. Nxh5 Qxh5 37. Qxb4 Qh4 38. Qd2 Qh6 39. a5 Rdxe5 40. a6 Rh5 41. Rh1 Qf8 42. Qb4 Qxc5 43. Qxc5 Rxc5 44. Ra1 Ra8 45. Kf3 Rc3 46. Ke4 Rb3 47. Bc4 Rb6 48. Kxd4 c5+ 49. Kxc5 Rf6 50. a7 Rf5+ 51. Kb6 Rxf4 52. Bd5 Rxa7 53. Rxa7 Rxf2 54. Ra3 Kg7 55. Kc5 f5 56. Kd4 Re2 57. Bf3 Re1 58. Ra2 Kf6 59. Be2 g5 60. Ke3 g4 61. Kf2 Rh1 62. hxg4 fxg4 63. Kg3 Rh3+ 64. Kxg4 Rh2 65. Kg3 Rh1 66. Ra6+ Kg5 67. Ra5+ Kf6 68. Bf3 Rg1+ 69. Kf4 Rc1 70. Ra6+ Kg7 71. Be4 Rc5 72. Rd6 h5 73. Bd5 Rc1 74. Kg5 Rg1+ 75. Kxh5 Kf8 76. Bf3 Ke7 77. Ra6 Kd7 78. Bg4+ Kc7 79. Kg5 Kb7 80. Rf6 Kc7 81. Kf4 Rf1+ 82. Bf3 Kd7 83. Ke5 Ke7 84. Re6+ Kf8 85. Be4 Ra1 86. Kf6 Ra7 87. Bf5 Rf7+ 88. Kg5 Re7 89. Rd6 Rg7+ 90. Bg6 Ke7 91. Ra6 Kd8 92. Kf6 Rc7 93. Bf5 1-0


[Site "https://www.chess.com"]

[Event "Titled Tuesday Blitz March 07 Early 2023"]
[White "Bilan, Danila"]
[Black "Prudnykova, Olga"]
[WhiteFideId "24161918"]
[BlackFideId "14121093"]
[WhiteElo "2182"]
[BlackElo "2113"]
[Result "0-1"]
[Round "04"]
[TimeControl "180+2"]
[Date "2023.03.07"]
[WhiteClock "0:00:06"]
[BlackClock "0:00:49"]

1. d4 Nf6 2. Nf3 g6 3. Bg5 Bg7 4. c3 d6 5. Nbd2 O-O 6. e4 c5 7. Bc4 cxd4 8. cxd4 Nc6 9. O-O d5 10. Bxf6 Bxf6 11. Bxd5 Nxd4 12. Nxd4 Bxd4 13. Nc4 Bg7 14. e5 Rb8 15. a4 b6 16. Re1 Ba6 17. e6 f5 18. Ne5 Rc8 19. Nd7 Re8 20. b4 b5 21. axb5 Bxb5 22. Rxa7 Bc3 23. Re3 Bxb4 24. h4 Bd6 25. Nf6+ Kh8 26. Nxe8 Bxe8 27. Bb7 Rb8 28. Rb3 Qc7 29. Qd5 Qc1+ 0-1


[Site "https://www.chess.com"]

[Event "Titled Tuesday Blitz March 07 Early 2023"]
[White "Ezat, Mohamed"]
[Black "Vaglio Munoz, Jaime"]
[WhiteFideId "10600906"]
[BlackFideId "6500145"]
[WhiteElo "2386"]
[BlackElo "2199"]
[Result "0-1"]
[Round "04"]
[TimeControl "180+2"]
[Date "2023.03.07"]
[WhiteClock "0:00:11"]
[BlackClock "0:00:03"]

1. d4 d6 2. c4 e5 3. Nf3 e4 4. Ng5 f5 5. h4 Nf6 6. Nh3 c6 7. Bg5 Nbd7 8. Nc3 Be7 9. e3 Nf8 10. Nf4 Ng4 11. Be2 Bxg5 12. hxg5 Qxg5 13. Bxg4 Qxg4 14. Qxg4 fxg4 15. Nxe4 Ke7 16. c5 dxc5 17. Nxc5 b6 18. Ncd3 g5 19. Ne2 Ng6 20. Rc1 Bd7 21. Ng3 Nh4 22. Ne5 Nxg2+ 23. Kd2 Nh4 24. Nxc6+ Bxc6 25. Rxc6 Rac8 26. Rh6 Kf7 27. Ne4 Kg7 28. Rd6 Nf3+ 29. Kd3 Rcd8 30. Rdh6 Rdf8 31. Rc6 h5 32. Rc7+ Rf7 33. Rc6 Rh6 34. Rc8 h4 35. Ra8 g3 36. fxg3 h3 37. g4 h2 38. Ng3 Rh3 39. Nf5+ Kh7 40. d5 Ne5+ 41. Ke4 Nxg4 42. d6 Nf2+ 43. Ke5 Nxh1 44. Ke6 Rb7 45. d7 Rxd7 46. Kxd7 Ng3 47. Rxa7 Nxf5 48. Ke6+ Kg6 49. Ra6 h1=Q 50. Rxb6 Qe4+ 51. Kd7+ Kh5 52. Re6 Qd5+ 53. Kc7 Qxe6 0-1


[Site "https://www.chess.com"]

[Event "Titled Tuesday Blitz March 07 Early 2023"]
[White "Kozin, Yuri"]
[Black "Rostomyan, Mikayel"]
[WhiteFideId "4129920"]
[BlackFideId "13313754"]
[WhiteElo "2508"]
[BlackElo "2009"]
[Result "1-0"]
[Round "04"]
[TimeControl "180+2"]
[Date "2023.03.07"]
[WhiteClock "0:01:57"]
[BlackClock "0:00:26"]

1. e4 c5 2. Nf3 d6 3. d4 cxd4 4. Nxd4 Nf6 5. Nc3 a6 6. Be3 e5 7. Nf3 Be7 8. Bc4 Be6 9. Bxe6 fxe6 10. O-O O-O 11. Na4 Nxe4 12. Nb6 Ra7 13. Nd5 Ra8 14. Bb6 Qd7 15. Nc7 Nc6 16. Nxa8 Rxa8 17. c4 Rf8 18. Re1 d5 19. cxd5 Qxd5 20. Qe2 Nd6 21. Rad1 Qxa2 22. Nxe5 Nxe5 23. Qxe5 Rf5 24. Qxe6+ Qxe6 25. Rxe6 Kf7 26. Rexd6 Bxd6 27. Rxd6 Rb5 28. Bd4 Ke7 29. Rb6 Rd5 30. Rxb7+ Ke6 31. Rb4 1-0


[Site "https://www.chess.com"]

[Event "Titled Tuesday Blitz March 07 Early 2023"]
[White "Fernandez Siles, Luis"]
[Black "Hirneise, Jens"]
[WhiteFideId "2209420"]
[BlackFideId "24614734"]
[WhiteElo "2186"]
[BlackElo "2345"]
[Result "0-1"]
[Round "04"]
[TimeControl "180+2"]
[Date "2023.03.07"]
[WhiteClock "0:00:08"]
[BlackClock "0:01:33"]

1. d4 d6 2. Nf3 Nf6 3. c4 Bg4 4. Nc3 c6 5. e4 Bxf3 6. Qxf3 e5 7. Be3 Nbd7 8. g4 exd4 9. Bxd4 Ne5 10. Bxe5 dxe5 11. Rd1 Qb6 12. g5 Nd7 13. Rxd7 Kxd7 14. Qxf7+ Kd8 15. Bh3 Qc7 16. Qf3 Bc5 17. O-O Rf8 18. Qh5 g6 19. Qg4 Ke8 20. Kg2 Rd8 21. Na4 Bd4 22. f3 Qe7 23. c5 Kf7 24. f4 exf4 25. Rxf4+ Kg7 0-1


[Site "https://www.chess.com"]

[Event "Titled Tuesday Blitz March 07 Early 2023"]
[White "UNSTOPPABLE_LEGEND"]
[Black "Kirillov, Dmitry"]
[BlackFideId "34180572"]
[WhiteElo "2507"]
[BlackElo "2111"]
[Result "1-0"]
[Round "04"]
[TimeControl "180+2"]
[Date "2023.03.07"]
[WhiteClock "0:00:55"]
[BlackClock "0:00:02"]

1. d4 d5 2. c4 e6 3. Nc3 Bb4 4. a3 Bxc3+ 5. bxc3 dxc4 6. e4 b5 7. Qg4 Nf6 8. Qxg7 Rg8 9. Qh6 Rg6 10. Qh4 Rg4 11. Qh6 Rg6 12. Qe3 Bb7 13. f3 a6 14. Ne2 Nbd7 15. Nf4 Rg8 16. Be2 Rc8 17. O-O c5 18. d5 exd5 19. e5 d4 20. cxd4 Nd5 21. Nxd5 Bxd5 22. Bb2 cxd4 23. Bxd4 Nf8 24. Rad1 Qc7 25. Bc3 Qb7 26. Rf2 Ne6 27. f4 Bxg2 28. f5 Bh3+ 29. Qg3 Rxg3+ 30. hxg3 Ng5 31. Rd4 f6 32. e6 Rd8 33. Bh5+ Ke7 34. Bb4+ 1-0


[Site "https://www.chess.com"]

[Event "Titled Tuesday Blitz March 07 Early 2023"]
[White "Erzhanov, Arman"]
[Black "Harriott, Tyrell"]
[WhiteFideId "4138821"]
[BlackFideId "2086484"]
[WhiteElo "2138"]
[BlackElo "2107"]
[Result "0-1"]
[Round "04"]
[TimeControl "180+2"]
[Date "2023.03.07"]
[WhiteClock "0:00:07"]
[BlackClock "0:00:20"]

1. e4 e6 2. b3 d5 3. Bb2 dxe4 4. Nc3 Nf6 5. Qe2 Be7 6. O-O-O O-O 7. Nxe4 Nc6 8. Nf3 a5 9. a4 Nb4 10. d4 c6 11. Ne5 b5 12. Nc3 bxa4 13. Nxa4 Ba6 14. Qf3 Bb5 15. Nc3 Rb8 16. Bxb5 cxb5 17. Nc6 Nxc6 18. Qxc6 a4 19. d5 axb3 20. dxe6 Qa5 21. exf7+ Kh8 22. Rd5 Nxd5 23. Nxd5 Ba3 24. Qc3 Bxb2+ 25. Qxb2 bxc2 26. Re1 Rxf7 27. Re2 Rc8 28. Nb4 Rfc7 29. f4 h6 30. g4 Qa7 31. g5 Qg1+ 32. Kd2 Rd7+ 33. Nd3 c1=Q+ 34. Qxc1 Qxc1# 0-1


[Site "https://www.chess.com"]

[Event "Titled Tuesday Blitz March 07 Early 2023"]
[White "Kostiukov, Alexandr"]
[Black "Fernandez Garcia, Gumersindo"]
[WhiteFideId "14108100"]
[BlackFideId "24516740"]
[WhiteElo "2202"]
[BlackElo "2093"]
[Result "0-1"]
[Round "04"]
[TimeControl "180+2"]
[Date "2023.03.07"]
[WhiteClock "0:00:08"]
[BlackClock "0:00:37"]

1. g3 d5 2. Bg2 c6 3. d3 Bf5 4. e4 dxe4 5. dxe4 Qxd1+ 6. Kxd1 Bg6 7. f3 e5 8. Be3 Nd7 9. Nd2 Bc5 10. Ke2 O-O-O 11. Nh3 f6 12. Nf2 h5 13. Nd3 Bxe3 14. Kxe3 h4 15. Bh3 Kc7 16. Bxd7 Rxd7 17. Nc5 Re7 18. a4 b6 19. Nd3 Rd7 20. a5 Kb7 21. axb6 axb6 22. g4 Ne7 23. Ra3 Ra8 24. Rxa8 Kxa8 25. Ra1+ Kb7 26. g5 c5 27. Rg1 Rd8 28. Rg4 Rh8 29. gxf6 gxf6 30. Nc4 Kc6 31. b3 b5 32. Nd2 Rh7 33. Ke2 Bf7 34. Nf1 Be6 35. Rg1 c4 36. bxc4 bxc4 37. Ne3 cxd3+ 38. cxd3 f5 39. exf5 Nxf5 40. Rg6 Kd7 41. Nxf5 Bxf5 42. Rg5 Ke6 43. Rg8 Ra7 44. Re8+ Kf6 45. Rf8+ Kg5 46. Ke3 Ra2 47. Rg8+ Bg6 48. h3 Ra3 49. Re8 Bxe8 50. Kf2 Rxd3 0-1


[Site "https://www.chess.com"]

[Event "Titled Tuesday Blitz March 07 Early 2023"]
[White "Pesotskiy, Mikhail"]
[Black "Degenbaev, Aziz"]
[WhiteFideId "34164453"]
[BlackFideId "13802640"]
[WhiteElo "2131"]
[BlackElo "2152"]
[Result "0-1"]
[Round "04"]
[TimeControl "180+2"]
[Date "2023.03.07"]
[WhiteClock "0:02:05"]
[BlackClock "0:01:04"]

1. d4 Nf6 2. c4 g6 3. Nc3 Bg7 4. e4 d6 5. f3 O-O 6. Be3 c5 7. dxc5 dxc5 8. Qxd8 Rxd8 9. Bxc5 Nc6 10. Nge2 b6 11. Ba3 Ba6 12. Nb5 Rd7 13. Rd1 Rad8 14. Rxd7 Rxd7 15. Nec3 Bb7 16. Nd5 e6 17. Nxf6+ Bxf6 18. Nd6 Ba8 19. Be2 Nd4 20. Kf2 Nc2 21. Rd1 Bd4+ 22. Rxd4 Nxd4 23. Ne8 Rd8 24. b3 Rxe8 0-1


[Site "https://www.chess.com"]

[Event "Titled Tuesday Blitz March 07 Early 2023"]
[White "Vlasak, Lukas"]
[Black "Kalajzic, Ivan"]
[WhiteFideId "324752"]
[BlackFideId "14506378"]
[WhiteElo "2345"]
[BlackElo "2203"]
[Result "1/2-1/2"]
[Round "04"]
[TimeControl "180+2"]
[Date "2023.03.07"]
[WhiteClock "0:00:15"]
[BlackClock "0:00:24"]

1. e4 Nc6 2. d4 e5 3. d5 Nce7 4. c4 Nf6 5. Nc3 Ng6 6. g3 Bc5 7. Bg2 O-O 8. h4 h6 9. h5 Ne7 10. g4 Nh7 11. Nf3 d6 12. Nh4 c6 13. Nf5 Bxf5 14. gxf5 cxd5 15. cxd5 Kh8 16. Qd3 Ng8 17. Bd2 a6 18. f4 exf4 19. Bxf4 Ng5 20. O-O-O b5 21. Kb1 f6 22. Ne2 Ne7 23. Bg3 Qb6 24. Nf4 Rac8 25. Ne6 Rfe8 26. Nxg5 fxg5 27. e5 dxe5 28. Bxe5 Ng8 29. Rhe1 Nf6 30. d6 Rcd8 31. Bxf6 gxf6 32. Rxe8+ Rxe8 33. d7 Rd8 34. Re1 Kg7 35. Re6 Qc7 36. Qc3 Qxd7 37. Qxf6+ Kg8 38. Qg6+ Qg7 39. Re8+ Rxe8 40. Qxe8+ Qf8 41. Bd5+ Kg7 42. Qg6+ Kh8 43. f6 Bd4 44. f7 Qg7 45. Be4 Bc5 46. f8=Q+ Bxf8 47. Qf5 Kg8 48. Bd5+ Kh8 49. Be4 Kg8 50. Qe6+ Qf7 51. Qg6+ Qxg6 52. Bxg6 Kg7 53. Kc2 g4 54. Kd3 g3 55. Ke3 Bd6 56. Kf3 Be5 57. b4 Kf6 58. Be4 Bc3 59. Bb7 Bxb4 60. Bxa6 Be1 61. Bxb5 Ke5 62. Be8 Kd4 63. a4 Kc5 64. Kg2 Kb4 65. Bb5 Bf2 66. Be8 Ka5 67. Bb5 Be1 68. Be8 Kb6 69. Bb5 Kc5 70. Be8 Kd6 71. Bb5 Ke7 72. Bc6 Kf6 73. Bb5 Kg5 74. Be8 Kf4 75. Bg6 Ba5 76. Be8 Bc7 77. Bg6 Kg5 78. Be8 Kf4 79. Bg6 Kg5 80. Be8 Kf4 1/2-1/2


[Site "https://www.chess.com"]

[Event "Titled Tuesday Blitz March 07 Early 2023"]
[White "Ljukin, Sergei"]
[Black "Dwilewicz, Katarzyna"]
[WhiteFideId "14102200"]
[BlackFideId "1148486"]
[WhiteElo "2312"]
[BlackElo "2065"]
[Result "0-1"]
[Round "04"]
[TimeControl "180+2"]
[Date "2023.03.07"]
[WhiteClock "0:01:57"]
[BlackClock "0:00:39"]

1. e4 c5 2. Nf3 d6 3. d4 cxd4 4. Nxd4 Nf6 5. Nc3 a6 6. Bg5 Nbd7 7. f4 h6 8. Bxf6 Nxf6 9. Qf3 e6 10. f5 e5 11. Nde2 b5 12. O-O-O Bb7 13. g4 Qa5 14. Kb1 Rc8 15. h4 b4 16. Nd5 Nxd5 17. exd5 Qc5 18. Rd2 Be7 19. Ng3 Qa5 20. Ne4 Kf8 21. f6 gxf6 22. Nxf6 b3 0-1


[Site "https://www.chess.com"]

[Event "Titled Tuesday Blitz March 07 Early 2023"]
[White "Fathy, Elameir"]
[Black "TimGrutter03"]
[WhiteFideId "10600396"]
[WhiteElo "2311"]
[BlackElo "2498"]
[Result "0-1"]
[Round "04"]
[TimeControl "180+2"]
[Date "2023.03.07"]
[WhiteClock "0:00:18"]
[BlackClock "0:00:23"]

1. d4 Nf6 2. c4 g6 3. Nc3 Bg7 4. Nf3 O-O 5. e4 d6 6. Be2 e5 7. Be3 exd4 8. Nxd4 Re8 9. f3 c6 10. Bf2 d5 11. exd5 cxd5 12. O-O Nc6 13. c5 Bf8 14. Kh1 a5 15. Qd2 Bd7 16. Rac1 Rc8 17. Rfd1 Bxc5 18. Nxc6 Rxc6 19. Bb5 Rc8 20. Bxd7 Qxd7 21. Bh4 Be3 22. Qd3 Bxc1 23. Bxf6 Bh6 24. Nxd5 Qe6 25. Bc3 Red8 26. h3 Bg7 27. Bxg7 Kxg7 28. b3 f6 29. Nf4 Qc6 0-1


[Site "https://www.chess.com"]

[Event "Titled Tuesday Blitz March 07 Early 2023"]
[White "Buscar, Michael"]
[Black "Balla, Tamas-Kristof"]
[WhiteFideId "2603616"]
[BlackFideId "1208497"]
[WhiteElo "2010"]
[BlackElo "2334"]
[Result "0-1"]
[Round "04"]
[TimeControl "180+2"]
[Date "2023.03.07"]
[WhiteClock "0:00:10"]
[BlackClock "0:00:11"]

1. Nf3 c5 2. b3 Nc6 3. Bb2 d5 4. e3 a6 5. c4 Bg4 6. cxd5 Qxd5 7. Be2 Nf6 8. O-O e6 9. d3 Be7 10. a3 O-O 11. Nbd2 Rfd8 12. Qc2 e5 13. Rfe1 Rac8 14. Nf1 b5 15. Ng3 Be6 16. Nd2 Na5 17. e4 Qd6 18. Nf5 Bxf5 19. exf5 c4 20. bxc4 bxc4 21. Nxc4 Qc5 22. Qa4 Nxc4 23. dxc4 Ne4 24. Rf1 Rd2 25. Bxe5 Rxe2 26. Bg3 Bd6 27. Qb4 Bxg3 28. Qxc5 Bxh2+ 29. Kxh2 Nxc5 30. Kg3 Re4 31. Rac1 h6 32. Kf3 Re5 33. g4 Rce8 34. Rfd1 Re4 35. Rd5 Na4 36. Ra5 Nb2 37. Rxa6 Nd3 38. Rd1 Ne1+ 39. Rxe1 Rxe1 40. c5 Rc1 41. c6 Rc8 42. a4 R1xc6 43. Ra7 Rc3+ 44. Kg2 Ra3 45. a5 Rc5 46. a6 Rc6 47. Re7 Raxa6 48. Re3 Ra4 49. f3 Rc2+ 50. Kg3 Kh7 51. Re7 f6 52. Re3 Ra1 53. Rd3 Rg1+ 54. Kf4 Rf1 55. Kg3 Rc5 56. Kg2 Rfc1 57. Kg3 R1c3 58. Rd7 Re5 59. Rd4 Ree3 60. Rf4 Rb3 61. Kg2 Rb2+ 62. Kg3 Rbb3 63. Kf2 Rec3 64. Kg3 Kg8 65. Kf2 Kf7 66. Kg3 Ke7 67. Kg2 Kd6 68. Rd4+ Kc5 69. Rd8 Rxf3 70. Rc8+ Kd6 71. Rg8 Rg3+ 72. Kf2 Rxg4 73. Ke2 Rh3 74. Kf2 Rg5 75. Rd8+ Ke5 76. Rd3 Rxd3 0-1


[Site "https://www.chess.com"]

[Event "Titled Tuesday Blitz March 07 Early 2023"]
[White "Mammadzada, Gunay"]
[Black "Dishman, Stephen"]
[WhiteFideId "13403729"]
[BlackFideId "403024"]
[WhiteElo "2396"]
[BlackElo "2204"]
[Result "1-0"]
[Round "04"]
[TimeControl "180+2"]
[Date "2023.03.07"]
[WhiteClock "0:00:04"]
[BlackClock "0:00:01"]

1. e4 c5 2. Nf3 g6 3. d4 cxd4 4. Nxd4 Nc6 5. c4 Nf6 6. Nc3 d6 7. f3 Bg7 8. Be3 O-O 9. Be2 Nh5 10. O-O Nf4 11. Qd2 Nxe2+ 12. Ncxe2 Bd7 13. f4 Rc8 14. Rac1 a6 15. b4 e5 16. Nb3 exf4 17. Bxf4 Ne5 18. c5 dxc5 19. Nxc5 Bb5 20. Qe3 b6 21. Rfd1 Qe7 22. Nb3 Qxb4 23. Ned4 Nc4 24. Qg3 Rfe8 25. e5 Nxe5 26. Rxc8 Rxc8 27. Bxe5 Re8 28. Bxg7 Kxg7 29. Nf5+ Kf8 30. Nd6 Rd8 31. h3 Bc4 32. Rd4 Qc3 33. Rxc4 Qf6 34. Rf4 Qxd6 35. Qf3 Qd7 36. Rd4 Qe7 37. Rf4 Qd7 38. Kh2 a5 39. Nd4 Qd6 40. a4 Qd7 41. Nb5 Kg7 42. h4 f5 43. Nd4 Qd5 44. Nc6 Qxf3 45. Rxf3 Rd6 46. Na7 1-0


[Site "https://www.chess.com"]

[Event "Titled Tuesday Blitz March 07 Early 2023"]
[White "Karas, Marek"]
[Black "Sovetbekova, Nurai"]
[WhiteFideId "14928558"]
[BlackFideId "13801910"]
[WhiteElo "2233"]
[BlackElo "1857"]
[Result "1-0"]
[Round "04"]
[TimeControl "180+2"]
[Date "2023.03.07"]
[WhiteClock "0:00:41"]
[BlackClock "0:00:10"]

1. g3 Nf6 2. Bg2 g6 3. c4 Bg7 4. Nc3 O-O 5. Nf3 c5 6. d3 Nc6 7. O-O d6 8. Rb1 e5 9. a3 a5 10. Bg5 Be6 11. Nd2 Qd7 12. Bxf6 Bxf6 13. Nd5 Bxd5 14. Bxd5 Nd4 15. e3 Ne6 16. b4 axb4 17. axb4 Bg7 18. bxc5 Nxc5 19. Ne4 Rab8 20. Nxc5 dxc5 21. Rb6 Rfc8 22. Qf3 Rc7 23. Rfb1 Kh8 24. Kg2 f5 25. h4 Qe7 26. h5 Qg5 27. hxg6 hxg6 28. Rh1+ Bh6 29. Rxb7 Rbxb7 30. Bxb7 Kg7 31. Qd5 Qe7 32. Ba6 Ra7 33. Rb1 f4 34. Rb8 fxe3 35. Qg8+ Kf6 36. Re8 Qf7 37. Qh8+ Bg7 38. Qh4+ g5 39. Qh7 Qxe8 40. Bc8 Qg6 41. Qg8 e2 42. Qe6# 1-0


[Site "https://www.chess.com"]

[Event "Titled Tuesday Blitz March 07 Early 2023"]
[White "Womacka, Mathias"]
[Black "Szente Varga, Fruzsina"]
[WhiteFideId "4611390"]
[BlackFideId "712264"]
[WhiteElo "2377"]
[BlackElo "1994"]
[Result "1-0"]
[Round "04"]
[TimeControl "180+2"]
[Date "2023.03.07"]
[WhiteClock "0:01:00"]
[BlackClock "0:00:33"]

1. e4 e5 2. Nf3 Nc6 3. Bb5 a6 4. Bxc6 dxc6 5. O-O f6 6. d4 exd4 7. Nxd4 c5 8. Ne2 Qxd1 9. Rxd1 Bd6 10. Bf4 Bxf4 11. Nxf4 Bd7 12. Nc3 Ne7 13. Rd2 O-O-O 14. Rad1 g5 15. Nfd5 Nxd5 16. Nxd5 Be6 17. Ne7+ 1-0


[Site "https://www.chess.com"]

[Event "Titled Tuesday Blitz March 07 Early 2023"]
[White "Buksa, Nataliya"]
[Black "Orujov, Elshad"]
[WhiteFideId "14123622"]
[BlackFideId "13403540"]
[WhiteElo "2316"]
[BlackElo "2342"]
[Result "1-0"]
[Round "04"]
[TimeControl "180+2"]
[Date "2023.03.07"]
[WhiteClock "0:02:40"]
[BlackClock "0:02:00"]

1. d4 Nf6 2. Nc3 d5 3. Bf4 c5 4. e3 a6 5. Nf3 Nc6 6. Ne5 e6 7. Be2 Bd6 8. Nxc6 bxc6 9. dxc5 Bxc5 10. Na4 Ba7 11. O-O O-O 12. b3 c5 13. c4 Bb7 14. Bf3 Qe7 15. Rc1 Rfd8 16. cxd5 exd5 17. Qc2 1-0


[Site "https://www.chess.com"]

[Event "Titled Tuesday Blitz March 07 Early 2023"]
[White "Lauridsen, Jesper Morch"]
[Black "Khamdamova, Afruza"]
[WhiteFideId "1401890"]
[BlackFideId "14210444"]
[WhiteElo "2297"]
[BlackElo "2210"]
[Result "0-1"]
[Round "04"]
[TimeControl "180+2"]
[Date "2023.03.07"]
[WhiteClock "0:00:11"]
[BlackClock "0:00:26"]

1. e4 e6 2. d4 d5 3. e5 c5 4. c3 Nc6 5. Nf3 Qb6 6. Bd3 Bd7 7. O-O cxd4 8. Re1 dxc3 9. Nxc3 Nge7 10. Nb5 Ng6 11. Be3 Qd8 12. Rc1 Be7 13. h4 O-O 14. h5 Nh4 15. Nxh4 Bxh4 16. h6 g6 17. Nd6 Nxe5 18. Nxb7 Qf6 19. Bd4 Nf3+ 20. Qxf3 Qxd4 21. Nc5 Rad8 22. Red1 Qf6 23. Qe2 e5 24. Nxd7 Rxd7 25. Bb5 Rd6 26. Rc7 e4 27. Rdc1 d4 28. Rc8 Rdd8 29. Rxd8 Rxd8 30. g3 Bg5 31. Rc6 Qf5 32. Bc4 Bxh6 33. Rc7 Rd7 34. Rxd7 Qxd7 35. Qxe4 Bf8 36. Qd5 Qxd5 37. Bxd5 Kg7 38. Kf1 f5 39. Ke2 Kf6 40. Kd3 Ke5 41. Bg8 h6 42. f4+ Kd6 43. Kxd4 Bg7+ 44. Kc4 Bxb2 45. Bh7 g5 46. fxg5 hxg5 47. Bxf5 Be5 48. g4 Bf4 49. Bc8 Kc7 50. Bf5 Kb6 51. Be6 Ka5 52. Kb3 Kb5 53. a4+ Kc5 54. Bf5 a5 55. Bc8 Kd4 56. Bf5 Bd6 57. Bc8 Bb4 58. Bf5 Ke5 59. Bc8 Kf4 60. Bf5 Ke3 61. Bc8 Kd2 62. Bf5 Bd6 63. Bc8 Bf4 64. Bf5 Be3 65. Bc8 Bf4 66. Bf5 Ke3 67. Bc8 Kd4 68. Bf5 Kc5 69. Bc8 Kd6 70. Bf5 Kc7 71. Bc8 Kxc8 0-1


[Site "https://www.chess.com"]

[Event "Titled Tuesday Blitz March 07 Early 2023"]
[White "Bettalli, Francesco"]
[Black "Zaksaite, Salomeja"]
[WhiteFideId "2816453"]
[BlackFideId "12801496"]
[WhiteElo "2216"]
[BlackElo "2059"]
[Result "1-0"]
[Round "04"]
[TimeControl "180+2"]
[Date "2023.03.07"]
[WhiteClock "0:00:44"]
[BlackClock "0:00:02"]

1. d4 Nf6 2. Nc3 d5 3. Bf4 g6 4. e3 Bg7 5. Be2 O-O 6. h4 h5 7. Nf3 Bg4 8. Ne5 Bxe2 9. Qxe2 c6 10. f3 Nbd7 11. g4 Kh7 12. O-O-O a5 13. Rdg1 Qc8 14. Qd3 Nxe5 15. dxe5 Nd7 16. gxh5 Nxe5 17. hxg6+ fxg6 18. Bxe5 1-0


[Site "https://www.chess.com"]

[Event "Titled Tuesday Blitz March 07 Early 2023"]
[White "Zaichenko, Daria"]
[Black "Goltseva, Ekaterina"]
[WhiteFideId "4197453"]
[BlackFideId "24173770"]
[WhiteElo "2039"]
[BlackElo "2200"]
[Result "0-1"]
[Round "04"]
[TimeControl "180+2"]
[Date "2023.03.07"]
[WhiteClock "0:00:06"]
[BlackClock "0:00:06"]

1. e4 c5 2. Nf3 e6 3. d4 cxd4 4. Nxd4 Nf6 5. Nc3 Nc6 6. Ndb5 Bc5 7. Nd6+ Ke7 8. Nxc8+ Rxc8 9. Bg5 h6 10. Bh4 g5 11. Bg3 d6 12. Bd3 Ne5 13. Bxe5 dxe5 14. a3 Qb6 15. O-O Qxb2 16. Nb5 a6 17. Rb1 Qa2 18. Nc3 Qxa3 19. Rxb7+ Kf8 20. Qf3 Kg7 21. Ne2 Rb8 22. Rc7 Bb6 23. Rc3 Qd6 24. Ng3 g4 25. Qe2 h5 26. Qd2 Kg6 27. h4 Ba5 28. Qg5+ Kh7 29. Qxf6 Bxc3 30. Qxf7+ Kh6 31. Qxh5+ Kg7 32. Qxg4+ Kf7 33. Nh5 Rbf8 34. f4 Qc5+ 35. Kh1 Rhg8 36. fxe5+ Ke7 0-1


[Site "https://www.chess.com"]

[Event "Titled Tuesday Blitz March 07 Early 2023"]
[White "Eynullayev, Atilla"]
[Black "De Souza, Cristiano Gomes"]
[WhiteFideId "13413570"]
[BlackFideId "2151758"]
[WhiteElo "2181"]
[BlackElo "2068"]
[Result "1-0"]
[Round "04"]
[TimeControl "180+2"]
[Date "2023.03.07"]
[WhiteClock "0:02:10"]
[BlackClock "0:02:23"]

1. d4 Nf6 2. c4 g6 3. Nc3 Bg7 4. e4 d6 5. Be2 O-O 6. Be3 e5 7. d5 Nbd7 8. g4 Nc5 9. f3 a5 10. h4 h5 11. Bg5 Bd7 12. gxh5 gxh5 13. Qd2 Kh7 14. Nh3 Qe8 15. Bxf6 Bxf6 16. Ng5+ Kh8 17. Ne6 fxe6 18. Qh6+ Kg8 19. Rg1+ Kf7 20. Qh7+ 1-0


[Site "https://www.chess.com"]

[Event "Titled Tuesday Blitz March 07 Early 2023"]
[White "Thiel, Thomas"]
[Black "Manukian, Artak"]
[WhiteFideId "4615964"]
[BlackFideId "13301373"]
[WhiteElo "2252"]
[BlackElo "2130"]
[Result "0-1"]
[Round "04"]
[TimeControl "180+2"]
[Date "2023.03.07"]
[WhiteClock "0:00:37"]
[BlackClock "0:00:34"]

1. e4 c6 2. d4 d5 3. exd5 cxd5 4. c4 Nf6 5. Nc3 g6 6. Qb3 Bg7 7. cxd5 O-O 8. Be2 Nbd7 9. Nh3 Nb6 10. Nf4 Bf5 11. O-O Ne4 12. a4 Bxd4 13. Nxe4 Bxe4 14. a5 Nxd5 15. Rd1 e5 16. Nxd5 Bxd5 17. Qa4 Qf6 18. Be3 Bxe3 19. fxe3 Rad8 20. e4 Be6 21. Qb4 Qf4 22. Bf3 Qe3+ 23. Kh1 Rxd1+ 24. Rxd1 Rc8 25. Qxb7 Rc1 26. Qb8+ Kg7 27. Qd6 Qe1+ 0-1


[Site "https://www.chess.com"]

[Event "Titled Tuesday Blitz March 07 Early 2023"]
[White "Ciuffoletti, Paolo"]
[Black "Rottenwohrer Suarez, Juan"]
[WhiteFideId "807630"]
[BlackFideId "32068182"]
[WhiteElo "2143"]
[BlackElo "2174"]
[Result "1/2-1/2"]
[Round "04"]
[TimeControl "180+2"]
[Date "2023.03.07"]
[WhiteClock "0:00:57"]
[BlackClock "0:00:53"]

1. e4 c5 2. d4 cxd4 3. c3 g6 4. Nf3 Bg7 5. Bc4 dxc3 6. Nxc3 d6 7. O-O Nf6 8. h3 O-O 9. Bf4 Nc6 10. Qd2 a6 11. Bb3 Qa5 12. Bh6 b5 13. Bxg7 Kxg7 14. Qe3 Ne5 15. Nd4 Bb7 16. Kh2 b4 17. Nd5 Nxd5 18. exd5 Bxd5 19. f4 Nc4 20. Qxe7 Nd2 21. Nf5+ gxf5 22. Qg5+ Kh8 23. Qf6+ Kg8 24. Qg5+ Kh8 25. Qf6+ Kg8 26. Qg5+ Kh8 1/2-1/2


[Site "https://www.chess.com"]